 Dungeon Crawl Stone Soup version 0.30-a0-632-g346586fe48 (webtiles) character file.

Game seed: 3916499213505767982

378 NinjaNoafa the Magician (level 7, -7/53 HPs)
             Began as a Djinni Conjurer on Jan 13, 2023.
             Mangled by an ogre
             ... wielding a +0 giant club
              (24 damage)
             ... on level 4 of the Dungeon.
             The game lasted 00:05:19 (2910 turns).

NinjaNoafa the Magician (Djinni Conjurer)           Turns: 2910, Time: 00:05:20

Health: -7/53      AC:  2    Str:  6    XL:     7   Next: 4%
Gold:   95         EV: 12    Int: 21    God:
                   SH:  0    Dex: 12

rFire   + + .      SeeInvis .    i - +4 sling (flame)
rCold   x . .      Faith    .    (no shield)
rNeg    . . .      Spirit   .    a - +0 robe
rPois   ∞          Reflect  .    (no helmet)
rElec   .          Harm     .    (no cloak)
rCorr   .          Rampage  .    (no gloves)
Will    .....                    (boots unavailable)
Stlth   ++                       (no amulet)
HPRegen 0.28/turn                (no ring)
MPRegen 0.00/turn                (no ring)

@: flying
A: sickness immunity, fire resistance 2, cold vulnerability 1, float, innate
caster, HP casting, extra vitality 1
a: no special abilities


You were on level 4 of the Dungeon.
You visited 1 branch of the dungeon, and saw 4 of its levels.

You collected 95 gold pieces.

Inventory:

Hand Weapons
 i - a +4 sling of flaming (weapon)
Missiles
 d - 6 poisoned darts
 m - 5 javelins
 p - 3 boomerangs
Armour
 a - a +0 robe (worn)
Jewellery
 q - a ring of resist corrosion
Scrolls
 c - a scroll of enchant armour {unknown}
 f - 5 scrolls of identify {unknown}
 h - a scroll of fog {unknown}
 j - a scroll of vulnerability {unknown}
 n - a scroll of immolation {unknown}
 r - a scroll of magic mapping {unknown}
Potions
 b - a potion of magic
 e - 2 potions of heal wounds {unknown}
 g - a potion of degeneration {unknown}
 k - 2 potions of berserk rage {unknown}
 l - a potion of brilliance {unknown}
 o - a potion of cancellation {unknown}


   Skills:
 + Level 4.3 Fighting
 - Level 2.1 Dodging
 - Level 1.5 Stealth
 - Level 5.0 Spellcasting


You couldn't memorise any spells.
You knew the following spells:

 Your Spells              Type           Power      Damage    Failure   Level
a - Magic Dart            Conj           100%       1d8       1%          1
b - Searing Ray           Conj           52%        2d6       1%          2
c - Dazzling Flash        Conj/Hex       52%        N/A       4%          3
d - Fulminant Prism       Conj/Hex       13%        3d8       14%         4
e - Iskenderun's Mystic   Conj/Tloc      26%        2d7       14%         4
f - Slow                  Hex            100%       N/A       1%          1
g - Passwall              Tmut/Erth      21%        N/A       1%          2
h - Inner Flame           Hex/Fire       26%        N/A       4%          3
Your spell library was empty.

Dungeon Overview and Level Annotations

Branches:
Dungeon (4/15)
 Temple: D:4-7

Altars:
Uskayaw

Shops:
D:2 [


Innate Abilities, Weirdness & Mutations

You are immune to sickness and miasma.
You are immune to poison.
Your flesh is very heat resistant. (rF++)
You are vulnerable to cold. (rC-)
You float through the air rather than walking.
You learn spells naturally, not from books.
Your magical power is your life essence.
You have superior vitality. (+4 MHP)


Message History

Confirm with . or Enter, or press ? or * to list all spells.
Aiming: Slow (safe; 1% risk of failure)
Press: ? - help, Shift-Dir - straight line, f/p - ogre
Aim: an ogre, wielding a +0 giant club (chance to affect: 56%)
The ogre seems to slow down.
* * * LOW HITPOINT WARNING * * *
There is a stone staircase leading down here.
There is a stone staircase leading up here.
You fly upwards.
There is a stone staircase leading down here.
HP restored.
Done exploring.
You fly downwards.
There is a stone staircase leading up here.
Casting: Slow (safe; 1% risk of failure)
Confirm with . or Enter, or press ? or * to list all spells.
Aiming: Slow (safe; 1% risk of failure)
Press: ? - help, Shift-Dir - straight line, f - ogre
Aim: an ogre, wielding a +0 giant club (chance to affect: 56%)
The ogre resists with significant effort.
The ogre barely misses you.
Casting: Slow (safe; 1% risk of failure)
Confirm with . or Enter, or press ? or * to list all spells.
Aiming: Slow (safe; 1% risk of failure)
Press: ? - help, Shift-Dir - straight line, f/p - ogre
Aim: an ogre, wielding a +0 giant club (chance to affect: 56%)
The ogre resists with significant effort.
The ogre hits you with a +0 giant club!!!
Ouch! That really hurt!
Found an escape hatch in the floor.
Found a robe.
Casting: Slow (safe; 1% risk of failure)
Confirm with . or Enter, or press ? or * to list all spells.
Aiming: Slow (safe; 1% risk of failure)
Press: ? - help, Shift-Dir - straight line, f/p - ogre
Aim: an ogre, wielding a +0 giant club (chance to affect: 56%)
The ogre resists with significant effort.
The ogre attacks as you move away!
The ogre hits you with a +0 giant club!!
You die...

### ##### #.. ##..#.# ..
....[.. #.# ....... ..#
.......##..## ............#
#......@....## #...###O...>.##
#...###........ ###..
#....#...##.#..
.....###.........# ###.#
...#.......>###<###...#.#
##........#..#..>........# ...
#.......##........#.##...#..8.
#......#.........###..........


You could see an ogre.

Vanquished Creatures
  A sky beast (D:4)
  2 scorpions (D:4)
  Jessica (D:2)
  3 gnolls (D:3)
  4 adders
  3 dart slugs
  2 orcs
  3 bats
  8 endoplasms
  4 giant cockroaches
  7 goblins
  9 hobgoblins
  2 jackals (D:1)
  4 quokkas
  10 ball pythons
  2 frilled lizards
  4 kobolds
69 creatures vanquished.

Vanquished Creatures (others)
  2 fulminant prisms (D:2)
2 creatures vanquished.

Grand Total: 71 creatures vanquished

Notes
Turn   | Place    | Note
-------+----------+-------------------------------------------
     0 | D:1      | NinjaNoafa the Djinni Conjurer began the quest for the Orb.
     0 | D:1      | NinjaNoafa set off with the following spells memorised:
                  | Magic Dart, Searing Ray, Dazzling Flash, Fulminant Prism,
                  | Iskenderun's Mystic Blast.
     0 | D:1      | Reached XP level 1. HP: 15/15 MP: 0/0
   309 | D:1      | Reached XP level 2. HP: 9/21 MP: 0/0
   700 | D:1      | Reached XP level 3. HP: 20/25 MP: 0/0
   700 | D:1      | Learned a level 1 spell: Slow
  1052 | D:2      | Reached skill level 4 in Spellcasting
  1176 | D:2      | Reached XP level 4. HP: 29/31 MP: 0/0
  1298 | D:2      | Found Ecsang's Armour Shoppe.
  1428 | D:2      | Found a faded altar of an unknown god.
  1539 | D:2      | Noticed Jessica
  1546 | D:2      | Killed Jessica
  1958 | D:3      | Reached XP level 5. HP: 34/35 MP: 0/0
  1958 | D:3      | Learned a level 2 spell: Passwall
  2035 | D:3      | Found a hide-covered altar of Uskayaw.
  2168 | D:3      | Reached skill level 5 in Spellcasting
  2560 | D:4      | Reached XP level 6. HP: 12/45 MP: 0/0
  2731 | D:4      | Noticed a sky beast
  2747 | D:4      | Killed a sky beast
  2748 | D:4      | Reached XP level 7. HP: 14/53 MP: 0/0
  2748 | D:4      | Learned a level 3 spell: Inner Flame
  2910 | D:4      | Mangled by an ogre

Illustrated notes

Levels and vault maps discovered:
D:1:      lightli_arrival_quake, layout_basic
D:2:      layout_basic, hellmonk_ecumenical_altar_inner_sanctum, serial_shops,
          nicolae_diamond_shop, uniq_jessica
D:3:      layout_basic, nicolae_overflow_squiral
D:4:      layout_cave_pools, grunt_ministairs_1

Skill      XL: |  1  2  3  4  5  6 |
---------------+-------------------+-----
Spellcasting   | 4 5 |  5.0
Fighting       | 2 4 |  4.3
Dodging        | |  2.1
Stealth        | |  1.5

Action                   |  1- 3 |  4- 6 |  7- 9 || total
-------------------------+-------+-------+-------++-------
Melee: Falchion          |     7 |       |       ||     7
 Fire: Sling             |    14 |    28 |     1 ||    43
 Cast: Magic Dart        |    42 |    53 |     1 ||    96
       Dazzling Flash    |     2 |     2 |       ||     4
       Searing Ray       |     1 |     7 |       ||     8
       Slow              |     1 |     4 |     6 ||    11
       Fulminant Prism   |       |     2 |       ||     2
       Passwall          |       |     1 |       ||     1
       Iskenderun's Myst |       |     2 |       ||     2
Armor: Robe              |     3 |    12 |       ||    15
Dodge: Dodged            |    16 |    27 |     2 ||    45

Table legend: (Time is in decaauts)
 A = Elapsed time spent in this place.
 B = Non-inter-level travel time spent in this place.
 C = Inter-level travel time spent in this place.
 D = Time resting spent in this place.
 E = Time spent auto-exploring this place.
 F = Levels seen in this place.
 G = Mean time per level.
                   A        B        C        D        E       F      G
               +--------+--------+--------+--------+--------+-----+--------+
         Total |   2928 |   2767 |    161 |      0 |   2385 |   4 |  732.0 |
       Dungeon |   2928 |   2767 |    161 |      0 |   2385 |   4 |  732.0 |
               +--------+--------+--------+--------+--------+-----+--------+

Top non-repeatable levels by time:
     D:2: 990 daAuts
     D:1: 918 daAuts
     D:3: 833 daAuts
     D:4: 186 daAuts
